 Dungeon Crawl Stone Soup version 0.25.1-2-g60ff931df9 (webtiles) character file.

Game seed: 4872553614035930124

1119 pokeman the Thaumaturge (level 8, -4/43 HPs)
             Began as a Deep Elf Wizard on Oct 8, 2020.
             Slain by an orc
             ... wielding a +0 club
              (6 damage)
             ... on level 5 of the Dungeon.
             The game lasted 00:15:43 (5857 turns).

pokeman the Thaumaturge (Deep Elf Wizard)           Turns: 5857, Time: 00:15:43

Health: -4/43      AC:  9    Str:  4    XL:     8   Next: 12%
Magic:  6/22       EV: 12    Int: 26    God:
Gold:   224        SH:  0    Dex: 13    Spells: 13/24 levels left

rFire    . . .     SeeInvis .   b - +4 quarterstaff (chaos)
rCold    . . .     Gourm    .   (shield currently unavailable)
rNeg     . . .     Faith    .   h - +0 leather armour
rPois    .         Spirit   .   u - +2 hat
rElec    .         Reflect  .   v - +2 cloak {rCorr}
rCorr    +         Harm     .   i - +0 pair of gloves
MR       .....                  (no boots)
Stlth    ++........             (no amulet)
HPRegen  0.14/turn              s - ring of flight
MPRegen  0.18/turn              (no ring)

@: very slightly contaminated
A: no striking features
a: Evoke Flight


You were on level 5 of the Dungeon.
You were not hungry.

You visited 1 branch of the dungeon, and saw 5 of its levels.

You collected 224 gold pieces.

Inventory:

Hand Weapons
 b - a +4 quarterstaff of chaos (weapon)
Missiles
 g - 22 bolts
 m - 4 curare-tipped darts (quivered)
Armour
 h - a +0 leather armour (worn)
 i - a +0 pair of gloves (worn)
 j - a +0 cloak
 p - a +0 kite shield
 u - a +2 hat (worn)
 v - a +2 cloak of preservation (worn)
Magical Staves
 t - an uncursed staff of air
Jewellery
 s - a ring of flight (left hand)
Scrolls
 e - 3 scrolls of blinking {unknown}
 f - 2 scrolls of identify {unknown}
 n - 3 scrolls of magic mapping {unknown}
 o - a scroll of remove curse {unknown}
 q - a scroll of enchant armour {unknown}
 r - a scroll of random uselessness {unknown}
Potions
 a - 2 potions of ambrosia {unknown}
 c - 4 potions of curing
 k - a potion of mutation {unknown}
 l - a potion of brilliance {unknown}
 w - a potion of resistance {unknown}
 x - a potion of heal wounds {unknown}
 A - a potion of berserk rage {unknown}
Comestibles
 d - 8 rations


   Skills:
 + Level 1.4 Fighting
 - Level 1.0 Armour
 - Level 3.0 Dodging
 - Level 3.0 Stealth
 - Level 1.2 Shields
 * Level 8.6 Spellcasting
 * Level 6.0 Conjurations
 - Level 1.1 Summonings
 - Level 1.1 Translocations
 + Level 1.9 Fire Magic
 - Level 2.0 Air Magic
 - Level 1.1 Poison Magic
 - Level 1.2 Evocations


You had 13 spell levels left.
You knew the following spells:

 Your Spells              Type           Power        Failure   Level  Hunger
a - Magic Dart            Conj           ####         1%          1    None
b - Mephitic Cloud        Conj/Pois/Air  ####....     8%          3    None
c - Call Imp              Summ           ###.....     9%          2    None
d - Blink                 Tloc           N/A          9%          2    None
e - Conjure Flame         Conj/Fire      ####....     5%          3    None

Your spell library contained the following spells:

 Spells                   Type           Power        Failure   Level  Hunger
 Slow                     Hex            ##......     14%         2    None


Dungeon Overview and Level Annotations

Branches:
Dungeon (5/15)
 Temple: D:4-7

Altars:
Ashenzari
Makhleb
Zin

Annotations:
D:5 Blork the orc


Message History

The leopard gecko is engulfed in noxious fumes.
The leopard gecko appears confused.
You kill the leopard gecko!
Your Conjurations skill increases to level 6!
Unknown command.
You hit the orc warrior but do no damage.
The orc warrior is heavily wounded.
The orc warrior is engulfed in blazing flames.
The orc warrior hits you with a +0 scimitar!
* * * LOW HITPOINT WARNING * * *
The orc hits you with a +0 club.
* * * LOW HITPOINT WARNING * * *
The orc hits you but does no damage.
The orc warrior is engulfed in blazing flames.
Unknown command.
Unknown command.
Casting: Mephitic Cloud (dangerous; 8% risk of failure)
Confirm with . or Enter, or press ? or * to list all spells.
You blink.
The orc hits you with a +0 club.
You die...

.... #.....# .
...###.....#
#.##..........#
.......##.....#
.......#......###
^......#........#
... #÷.°.......#
#...##.○°.[....#
#..@.o...<..#
#...oo.....<#
#...).......#
#...........#
#...........#
......########
.##....# .....#
##....


You could see an orc warrior (confused), an orc wizard (confused) and an orc.

Vanquished Creatures
  Grinder (D:4)
  An orc warrior (D:4)
  2 phantoms
  A centaur (D:2)
  2 scorpions (D:4)
  An orc priest (D:3)
  Crazy Yiuf (D:3)
  An iguana (D:5)
  5 orc wizards
  2 worker ants (D:4)
  A hound skeleton (D:4)
  A howler monkey zombie (D:5)
  3 gnolls (D:2)
  6 adders
  An adder skeleton (D:4)
  3 worms
  3 dart slugs (D:2)
  4 leopard geckos
  13 orcs
  A ball python (D:1)
  11 bats
  9 giant cockroaches
  8 goblins
  9 hobgoblins
  5 jackals
  A quokka (D:3)
  5 frilled lizards
  A jackal skeleton (D:4)
  5 kobolds
  7 rats
114 creatures vanquished.

Vanquished Creatures (collateral kills)
  An orc (D:3)
  A quokka (D:3)
2 creatures vanquished.

Grand Total: 116 creatures vanquished

Notes
Turn   | Place    | Note
-------+----------+-------------------------------------------
     0 | D:1      | pokeman the Deep Elf Wizard began the quest for the Orb.
     0 | D:1      | Reached XP level 1. HP: 10/10 MP: 7/7
   383 | D:1      | Reached XP level 2. HP: 16/16 MP: 3/9
   721 | D:1      | Found a shattered altar of Ashenzari.
  1045 | D:2      | Reached skill level 5 in Spellcasting
  1288 | D:2      | Reached XP level 3. HP: 20/20 MP: 5/11
  1293 | D:2      | Learned a level 3 spell: Mephitic Cloud
  1296 | D:2      | Learned a level 2 spell: Call Imp
  1299 | D:2      | Learned a level 2 spell: Blink
  1303 | D:2      | Learned a level 3 spell: Conjure Flame
  1441 | D:2      | Found a burning altar of Makhleb.
  1441 | D:2      | Found a glowing silver altar of Zin.
  1443 | D:2      | Noticed an angel
  1443 | D:2      | Noticed an Executioner
  1975 | D:2      | Reached skill level 1 in Armour
  2086 | D:2      | Reached skill level 1 in Fighting
  2367 | D:2      | Noticed a centaur
  2367 | D:2      | Noticed a phantom
  2383 | D:2      | Killed a centaur
  2383 | D:2      | Reached skill level 1 in Fire Magic
  2383 | D:2      | Reached XP level 4. HP: 24/25 MP: 1/13
  2502 | D:2      | Killed a phantom
  2502 | D:2      | Reached skill level 6 in Spellcasting
  2502 | D:2      | Reached skill level 1 in Air Magic
  2502 | D:2      | Reached XP level 5. HP: 29/29 MP: 1/15
  2658 | D:2      | Reached skill level 1 in Poison Magic
  3040 | D:3      | Reached XP level 6. HP: 25/34 MP: 12/17
  3886 | D:3      | Found a runed translucent door.
  3887 | D:3      | Noticed Crazy Yiuf
  3900 | D:3      | Killed Crazy Yiuf
  4235 | D:4      | Noticed Grinder
  4288 | D:4      | Reached skill level 7 in Spellcasting
  4351 | D:4      | Paralysed by Grinder for 4 turns
  4367 | D:4      | Killed Grinder
  4367 | D:4      | Reached skill level 1 in Shields
  4367 | D:4      | Reached skill level 1 in Evocations
  4367 | D:4      | Reached XP level 7. HP: 28/38 MP: 10/20
  4821 | D:4      | Reached skill level 5 in Conjurations
  5275 | D:5      | Entered Level 5 of the Dungeon
  5335 | D:4      | Reached skill level 8 in Spellcasting
  5426 | D:5      | Noticed Blork the orc
  5745 | D:5      | Reached XP level 8. HP: 42/43 MP: 8/22
  5856 | D:5      | HP: 2/43 [orc/+0 club (1)]
  5857 | D:5      | Slain by an orc

Illustrated notes

Levels and vault maps discovered:
D:1:      scummos_arrival_checkerplants, layout_rooms, ashenzari_altar_1
D:2:      kennysheep_six_static_rooms, layout_loops_ring,
          grunt_temple_overflow_order_and_chaos_2,
          chequers_serial_rivers_micro_e, hangedman_decor_points
D:3:      layout_basic, first_ration, uniq_crazy_yiuf_cottage
D:4:      layout_rooms, uniq_grinder
D:5:      layout_rooms, old_standard_altar,
          nicolae_dithmenos_through_a_glass_darkly, basic_altar,
          uniq_blork_the_orc

Skill      XL: |  1  2  3  4  5  6  7  8 |
---------------+-------------------------+-----
Spellcasting   | 5 6 7 8 |  8.6
Armour         | 1 |  1.0
Fighting       | 1 |  1.4
Conjurations   | 2 3 4 5 6 |  6.0
Fire Magic     | 1 |  1.9
Air Magic      | 1 2 |  2.0
Poison Magic   | 1 |  1.1
Shields        | 1 |  1.2
Evocations     | 1 |  1.2
Dodging        | 3 |  3.0
Stealth        | 3 |  3.0
Summonings     | |  1.1
Translocations | |  1.1

Action                   |  1- 3 |  4- 6 |  7- 9 || total
-------------------------+-------+-------+-------++-------
Melee: Unarmed           |    23 |       |       ||    23
       Dagger            |     8 |    36 |       ||    44
       Quarterstaff      |       |     1 |    42 ||    43
 Cast: Magic Dart        |   135 |   101 |    53 ||   289
       Mephitic Cloud    |     1 |     5 |    12 ||    18
       Call Imp          |       |     1 |     1 ||     2
       Conjure Flame     |       |     1 |     2 ||     3
       Blink             |       |     1 |     6 ||     7
 Stab: Confused          |       |     5 |     3 ||     8
       Paralysed         |       |       |     2 ||     2
  Eat: Chunk             |     4 |     6 |     5 ||    15
Armor: Leather armour    |    30 |    30 |    34 ||    94
Dodge: Dodged            |    46 |    46 |    46 ||   138
